 Dungeon Crawl Stone Soup version 0.30-a0-626-gd6a5dd7a1f (webtiles) character file.

Game seed: 9454205071030806848

21 wormed the Ruffian (level 2, 24/25 HPs)
             Began as a Ghoul Gladiator on Jan 11, 2023.
             Quit the game on level 1 of the Dungeon.
             The game lasted 00:01:26 (518 turns).

wormed the Ruffian (Ghoul Gladiator)                 Turns: 518, Time: 00:01:27

Health: 24/25      AC:  4    Str: 17    XL:     2   Next: 83%
Magic:  1/1        EV: 12    Int:  3    God:
Gold:   32         SH:  0    Dex: 16    Spells: 1/1 levels left

rFire   . . .      SeeInvis .      - Unarmed
rCold   + . .      Faith    .    (no shield)
rNeg    + + +      Spirit   .    a - +0 leather armour
rPois   ∞          Reflect  .    b - +0 helmet
rElec   .          Harm     .    (no cloak)
rCorr   .          Rampage  .    (no gloves)
Will    .....                    (no boots)
Stlth   +                        (no amulet)
HPRegen 0.24/turn                f - +6 ring of dexterity
MPRegen 0.07/turn                (no ring)

@: no status effects
A: claws 1, cold resistance 1, negative energy resistance 3, inhibited
regeneration, torment resistance 2, devour on kill
a: no special abilities


You were on level 1 of the Dungeon.
You visited 1 branch of the dungeon, and saw 1 of its levels.

You collected 32 gold pieces.

Inventory:

Missiles
 c - 3 throwing nets (quivered)
 d - a javelin
Armour
 a - a +0 leather armour (worn)
 b - a +0 helmet (worn)
Jewellery
 f - a +6 ring of dexterity (left claw)
Potions
 e - a potion of mutation {unknown}


   Skills:
 + Level 2.5 Fighting
 - Level 1.7 Throwing
 + Level 0.7 Armour
 + Level 2.9 Dodging
 * Level 3.7 Unarmed Combat


You had one spell level left.
You didn't know any spells.
Your spell library contained the following spells:

 Spells                   Type           Power      Damage    Failure   Level
 Apportation              Tloc           0%         N/A       58%         1
 Necrotise                Necr           0%         1d4       58%         1
 Summon Small Mammal      Summ           0%         N/A       58%         1


Dungeon Overview and Level Annotations

Branches:
Dungeon (1/15)

Altars:


Innate Abilities, Weirdness & Mutations

You are immune to poison.
You have sharp fingernails.
Your flesh is cold resistant. (rC+)
You are immune to negative energy. (rN+++)
You do not regenerate when monsters are visible.
You are immune to unholy pain and torment.
You thrive by killing the living.


Message History

No target in view!
As you open the door, it creaks loudly!
There is an open door here.
A rat comes into view.
A rat is nearby!
A rat is nearby!
A rat is nearby!
The rat barely misses you.
You claw the rat!
You kill the rat!
No target in view!
No target in view!
An endoplasm comes into view.
The endoplasm quivers.
You see here 12 gold pieces.
An endoplasm is nearby!
An endoplasm is nearby!
An endoplasm is nearby!
The endoplasm freezes you.
You are frozen.
You resist.
You scratch the endoplasm.
The endoplasm is heavily wounded.
The endoplasm barely misses you.
You barely miss the endoplasm.
The endoplasm is heavily wounded.
The endoplasm jiggles.
The endoplasm closely misses you.
You scratch the endoplasm.
The endoplasm is severely wounded.
The endoplasm misses you.
You scratch the endoplasm but do no damage.
The endoplasm is severely wounded.
The endoplasm freezes you.
You are frozen.
You resist.
You claw the endoplasm!
You kill the endoplasm!
You feel better.
You feel agile.
f - a +6 ring of dexterity (left claw) Are you sure you want to abandon this character and quit the game? (Confirm with "yes".)

...######...######..#...## #.
...#....#...#....#.......### #.
...#..<.#...#..÷.#..#......#####.
#+##....##'##....#..##...........
###'##...###'##.........###### .
+....+...'...#.$.##.....#
..###..##.#######...##.....#
#..#....#..#...#....##.#####
....#....#...###@#####.#
.##....#....###......#.#
#..###.....#.##.####.#..
...........###.. .# .#....##.###
..# ...##.#### ... .....# ...#
#.#### .... #'#####...


There were no monsters in sight!

Vanquished Creatures
  2 dart slugs (D:1)
  3 endoplasms (D:1)
  2 giant cockroaches (D:1)
  A goblin (D:1)
  A hobgoblin (D:1)
  A quokka (D:1)
  A bat (D:1)
  A kobold (D:1)
  4 rats (D:1)
16 creatures vanquished.

Notes
Turn   | Place    | Note
-------+----------+-------------------------------------------
     0 | D:1      | wormed the Ghoul Gladiator began the quest for the Orb.
     0 | D:1      | Reached XP level 1. HP: 17/17 MP: 0/0
   149 | D:1      | Reached XP level 2. HP: 24/25 MP: 1/1
   518 | D:1      | Quit the game

Illustrated notes

Levels and vault maps discovered:
D:1:      arrival_zaba_pyramid, layout_loops_corners, minmay_tetromino_t4

Action                   || total
-------------------------++-------
Melee: Unarmed           ||    48
Armor: Leather armour    ||    11
Dodge: Dodged            ||    26

Table legend: (Time is in decaauts)
 A = Elapsed time spent in this place.
 B = Non-inter-level travel time spent in this place.
 C = Inter-level travel time spent in this place.
 D = Time resting spent in this place.
 E = Time spent auto-exploring this place.
 F = Levels seen in this place.
 G = Mean time per level.
                   A        B        C        D        E       F      G
               +--------+--------+--------+--------+--------+-----+--------+
         Total |    514 |    514 |      0 |      0 |    416 |   1 |  514.0 |
       Dungeon |    514 |    514 |      0 |      0 |    416 |   1 |  514.0 |
               +--------+--------+--------+--------+--------+-----+--------+

Top non-repeatable levels by time:
     D:1: 514 daAuts
